 Dungeon Crawl Stone Soup version 0.31.0-12-g77e489cdc1 (webtiles) character file.

Game seed: 8115496438668012064

1907 sking99 the Cutter (level 9, 0/65 HPs)
             Began as a Djinni Reaver on Feb 29, 2024.
             Was an Initiate of Dithmenos.
             Shot with an arrow by a centaur (11 damage)
             ... on level 6 of the Dungeon.
             The game lasted 00:18:52 (7424 turns).

sking99 the Cutter (Djinni Reaver)                  Turns: 7424, Time: 00:18:52

Health: 0/65       AC:  3    Str: 15    XL:     9   Next: 38%
Gold:   367        EV: 17    Int: 15    God:    Dithmenos [......] SH:  0 Dex: 12

rFire   + + .        n - +1 dagger (venom)
rCold   . . .        (no shield)
rNeg    . . .        b - +0 leather armour
rPois   ∞            (no helmet)
rElec   .            (no cloak)
rCorr   .            (no gloves)
SInv    .            (boots unavailable)
Will    .....        (no amulet)
Stlth   ++           s - ring of protection from cold
HPRegen 0.30/turn    r - +5 ring of evasion
MPRegen 0.00/turn

%: infuse magic (-1 HP)
@: flying
A: sickness immunity, fire resistance 2, cold vulnerability 1, float, innate
caster, HP casting, extra vitality 1
a: Renounce Religion


You were on level 6 of the Dungeon.
You worshipped Dithmenos.
Dithmenos was noncommittal.
You visited 2 branches of the dungeon, and saw 7 of its levels.

You collected 367 gold pieces.

Inventory:

Hand Weapons
 a - a +0 falchion
 n - a +1 dagger of venom (weapon)
Missiles
 t - 3 throwing nets
Armour
 b - a +0 leather armour (worn)
Jewellery
 p - a ring of wizardry
 r - a +5 ring of evasion (right hand)
 s - a ring of protection from cold (left hand)
 w - an amulet of the acrobat
Wands
 k - a wand of flame (5)
 v - a wand of polymorph (1)
Scrolls
 g - 2 scrolls of fear
 j - a scroll of teleportation
 u - a scroll of poison {unknown}
Potions
 c - a potion of cancellation
 d - 2 potions of haste
 e - 3 potions of heal wounds
 f - a potion of berserk rage {unknown}
 h - a potion of mutation {unknown}
 i - 4 potions of lignification {unknown}
 l - 2 potions of curing {unknown}
 m - 3 potions of attraction {unknown}
 o - a potion of invisibility {unknown}
 q - 2 potions of brilliance {unknown}


   Skills:
 - Level 5.2 Fighting
 - Level 5.9(6.3) Short Blades
 - Level 3.4(5.1) Long Blades
 - Level 2.1 Dodging
 - Level 4.0 Stealth
 + Level 5.6 Spellcasting
 + Level 5.6 Conjurations
 + Level 5.6 Hexes
   Level 0.0 Charms
 + Level 5.6 Summonings
 + Level 5.6 Necromancy
 + Level 5.6 Translocations
   Level 0.0 Transmutations
 + Level 5.6 Fire Magic
 + Level 5.6 Ice Magic
 + Level 5.6 Air Magic
 + Level 5.6 Earth Magic
 + Level 5.6 Alchemy


You knew the following spells:

 Your Spells              Type           Power      Damage    Failure   Level
a - Ensorcelled Hibernat  Hex/Ice        42%        N/A       2%          2
b - Momentum Strike       Conj/Tloc      42%        3d9       2%          2
c - Sticky Flame          Fire/Alch      21%        2d6       19%         4
d - Kiss of Death         Conj/Necr      84%        2d11      1%          1
e - Hailstorm             Conj/Ice       21%        3d7       5%          3
f - Swiftness             Air            21%        N/A       5%          3
u - Sting                 Conj/Alch      84%        1d8       1%          1
Your spell library was empty.

Dungeon Overview and Level Annotations

Branches:
Dungeon (6/15)             Temple (1/1) D:6

Altars:
Ashenzari
Cheibriados
Dithmenos
Fedhas
Gozag
Hepliaklqana
Nemelex Xobeh
Qazlal
Ru
Trog
Uskayaw
Wu Jian
Xom
Yredelemnul
Zin
The Shining One


Innate Abilities, Weirdness & Mutations

You are immune to sickness and miasma.
You are immune to poison.
Your flesh is very heat resistant. (rF++)
You are vulnerable to cold. (rC-)
You float through the air rather than walking.
You learn spells naturally, not from books.
Your magical power is your life essence.
You have superior vitality. (+4 MHP)


Message History

Aiming: Sting (safe; 1% risk of failure)
Press: ? - help, Q - select action, (/) - cycle Shift-Dir - straight line, f/p - centaur
Aim: a centaur, wielding a +0 orcbow (moderately wounded, poisoned, 85% to hit)
The sting misses the centaur.
The sting hits the centaur but does no damage.
The centaur is poisoned.
The centaur shoots an arrow.
The arrow completely misses you.
The centaur shoots an arrow.
The arrow hits you.
Aiming: Sting (safe; 1% risk of failure)
Press: ? - help, Q - select action, (/) - cycle Shift-Dir - straight line, f/p - centaur
Aim: a centaur, wielding a +0 orcbow (moderately wounded, poisoned, 85% to hit)
The sting hits the centaur but does no damage.
The centaur looks even sicker.
The centaur is moderately wounded.
The centaur shoots an arrow.
The arrow misses you.
The centaur shoots an arrow.
The arrow hits you.
The centaur shoots an arrow.
The arrow hits you.
Aiming: Sting (safe; 1% risk of failure)
Press: ? - help, Q - select action, (/) - cycle Shift-Dir - straight line, f - centaur, p - centaur
Aim: a centaur, wielding a +0 orcbow (poisoned, 85% to hit)
The sting hits the centaur.
The centaur looks even sicker.
The centaur is lightly wounded.
The centaur shoots an arrow.
The arrow closely misses you.
The centaur shoots an arrow.
The arrow closely misses you.
The centaur shoots an arrow.
The arrow hits you!
You hear a shout!
Casting: Sting (safe; 1% risk of failure)
Confirm with . or Enter, or press ? or * to list all spells.
Casting: Hailstorm (dangerous; 5% risk of failure)
Press: ? - help, Dir - look around, f - activate A cannonade of hail descends around you!
The hail pelts the centaur!
The centaur is heavily wounded.
The hail pelts the centaur!
The centaur is severely wounded.
The hail misses the centaur.
The centaur shoots an arrow.
The arrow hits you.
The centaur shoots an arrow.
The arrow hits you!
* * * LOW HITPOINT WARNING * * *
The centaur shoots an arrow.
The arrow misses you.
The centaur shoots an arrow.
The arrow hits you!
You die...

..........#
##.######.# #.# #.#
##.######.##########
...................#
...#####≈≈≈≈≈≈####.#
#### #≈≈≈≈≈≈≈≈≈≈≈..#
# #≈≈≈≈≈..≈≈≈≈≈≈.# #
≈≈≈≈≈≈.####$≈@≈≈##
≈≈≈≈≈≈.# ##.≈≈≈≈#
≈≈≈≈≈≈.# #..≈≈≈#
≈≈≈≈≈≈.. ccc≈≈≈# ≈≈≈
≈≈≈≈. ....≈≈≈≈# ≈≈≈
'#...≈≈≈≈≈# ≈≈≈
c...≈≈≈≈≈# ≈≈≈
....≈≈≈≈≈≈# ≈
≈..≈≈≈≈≈≈≈≈#


You could see 4 centaurs.

Vanquished Creatures
  Eustachio (D:4)
  Duvessa (D:6)
  An ice beast (D:5)
  A black bear (D:6)
  2 centaurs
  2 ogres
  A phantom (D:5)
  A kobold brigand (D:6)
  A gnoll sergeant (D:6)
  A bullfrog (D:6)
  2 scorpions
  Dowan (D:6)
  2 bombardier beetles (D:5)
  4 hounds
  An orc priest (D:3)
  3 jellies
  A sleepcap (D:6)
  4 iguanas
  A mummy (D:4)
  9 gnolls
  8 adders
  2 ufetubi (D:5)
  A dart slug (D:3)
  3 orcs (D:3)
  5 bats
  6 endoplasms
  7 giant cockroaches
  10 goblins
  11 hobgoblins
  5 jackals (D:3)
  3 quokkas
  10 ball pythons
  4 frilled lizards
  13 kobolds
  11 rats
139 creatures vanquished.

Notes
Turn   | Place    | Note
-------+----------+-------------------------------------------
     0 | D:1      | sking99 the Djinni Reaver began the quest for the Orb.
     0 | D:1      | sking99 set off with the following spells memorised: Kiss
                  | of Death, Momentum Strike, Hailstorm.
     0 | D:1      | Reached XP level 1. HP: 18/18 MP: 0/0
   154 | D:1      | Reached XP level 2. HP: 23/23 MP: 0/0
   394 | D:1      | Reached XP level 3. HP: 23/29 MP: 0/0
   394 | D:1      | Learned a level 1 spell: Sting
   962 | D:2      | You are sucked into a shaft and drop 1 floor!
  1168 | D:3      | Reached XP level 4. HP: 31/32 MP: 0/0
  2019 | D:3      | Reached XP level 5. HP: 35/39 MP: 0/0
  2019 | D:3      | Learned a level 2 spell: Ensorcelled Hibernation
  2054 | D:3      | Found a sparkling altar of Nemelex Xobeh.
  2783 | D:3      | Reached skill level 1 in Short Blades
  3036 | D:3      | Reached skill level 1 in Stealth
  3288 | D:4      | Reached XP level 6. HP: 10/46 MP: 0/0
  3527 | D:4      | Noticed Eustachio
  3547 | D:4      | Killed Eustachio
  3788 | D:4      | Reached XP level 7. HP: 41/50 MP: 0/0
  3788 | D:4      | Learned a level 3 spell: Swiftness
  4599 | D:5      | Entered Level 5 of the Dungeon
  4786 | D:5      | Reached XP level 8. HP: 55/58 MP: 0/0
  5452 | D:5      | Reached skill level 5 in Short Blades
  6051 | D:6      | Noticed Duvessa
  6051 | D:6      | Noticed Dowan
  6059 | D:6      | Killed Duvessa
  6060 | D:6      | Reached skill level 5 in Fighting
  6086 | D:6      | Killed Dowan
  6283 | D:6      | Reached XP level 9. HP: 63/65 MP: 0/0
  6283 | D:6      | Learned a level 4 spell: Sticky Flame
  6542 | D:6      | Reached skill level 5 in Spellcasting
  6542 | D:6      | Reached skill level 5 in Conjurations
  6542 | D:6      | Reached skill level 5 in Hexes
  6542 | D:6      | Reached skill level 5 in Summonings
  6542 | D:6      | Reached skill level 5 in Necromancy
  6542 | D:6      | Reached skill level 5 in Translocations
  6542 | D:6      | Reached skill level 5 in Fire Magic
  6542 | D:6      | Reached skill level 5 in Ice Magic
  6542 | D:6      | Reached skill level 5 in Air Magic
  6542 | D:6      | Reached skill level 5 in Earth Magic
  6542 | D:6      | Reached skill level 5 in Alchemy
  6782 | D:6      | Found a staircase to the Ecumenical Temple.
  6789 | Temple   | Entered the Ecumenical Temple
  6859 | Temple   | Became a worshipper of Dithmenos the Shadowed
  7205 | D:6      | HP: 2/65 [centaur/arrow (9)]
  7424 | D:6      | Shot with an arrow by a centaur

Illustrated notes

Levels and vault maps discovered:
D:1:      onia_arrival_mini_maze, layout_basic
D:2:      layout_loops_ring, minivault_27, minmay_unequal
D:3:      kb_forest_paths, layout_basic, old_standard_altar, st_stairs_10,
          kennysheep_cluttered_room
D:4:      layout_loops_ring, gup_ossuary_entry_pyramid,
          dreamdust_princess_bridge, uniq_eustachio
D:5:      layout_loops_ring, serial_rivers, chequers_serial_rivers_small_3,
          chequers_serial_rivers_small_a, chequers_serial_rivers_large_b,
          chequers_serial_rivers_small_3, corexii_checkpoint,
          palyth_stone_intersect
D:6:      layout_loops_ring, minmay_temple_entry_statues_pillars, centaur_isle,
          uniq_duvessa
Temple:   minmay_crystal_spiral_temple

Skill      XL: |  1  2  3  4  5  6  7  8  9 |
---------------+----------------------------+-----
Long Blades    | 3 |  3.4
Spellcasting   | 3 4 5 |  5.6
Conjurations   | 3 4 5 |  5.6
Hexes          | 3 4 5 |  5.6
Summonings     | 3 4 5 |  5.6
Necromancy     | 3 4 5 |  5.6
Translocations | 3 4 5 |  5.6
Fire Magic     | 3 4 5 |  5.6
Ice Magic      | 3 4 5 |  5.6
Air Magic      | 3 4 5 |  5.6
Earth Magic    | 3 4 5 |  5.6
Alchemy        | 3 4 5 |  5.6
Short Blades   | 1 2 4 5 |  5.9
Stealth        | 1 2 4 |  4.0
Fighting       | 3 4 5 |  5.2
Dodging        | |  2.1

Action                     |  1- 3 |  4- 6 |  7- 9 || total
---------------------------+-------+-------+-------++-------
  Melee: Falchion          |    82 |    81 |       ||   163
         Punch             |     1 |       |     1 ||     2
         Dagger            |       |    60 |   166 ||   226
         Unarmed           |       |       |     1 ||     1
   Cast: Sting             |    11 |    11 |    17 ||    39
         Kiss of Death     |     1 |       |     1 ||     2
         Momentum Strike   |       |     4 |     8 ||    12
         Ensorcelled Hiber |       |    27 |    36 ||    63
         Hailstorm         |       |       |     3 ||     3
    Use: Scroll            |       |    10 |     1 ||    11
   Stab: Sleeping          |       |    18 |    29 ||    47
 Armour: Leather armour    |    40 |    88 |   103 ||   231
         Skin              |       |       |     2 ||     2
  Dodge: Dodged            |    49 |   101 |   152 ||   302
